[Event "87th Spanish Championship 2022"]
[Site "Linares"]
[Date "2022.08.11"]
[Round "1.27"]
[White "Salazar de la Cruz, Jose Maria"]
[Black "Tejedor Fuente, Enrique"]
[Result "0-1"]
[ECO "B30"]
[WhiteElo "2127"]
[BlackElo "2419"]
[Annotator "TA"]
[PlyCount "62"]
[EventDate "2022.08.11"]
[EventType "swiss"]
[EventCountry "ESP"]
[SourceTitle "playchess.com"]
[Source "ChessBase"]
[SourceQuality "1"]
[TimeControl "5400+30"]

1. e4 c5 2. Nf3 Nc6 3. Bb5 Qb6 4. Nc3 e6 5. O-O Nge7 6. Re1 Nd4 7. Bf1 Nec6 {[%emt 0:08:50] B30: Sicilian: 2...Nc6 3 Bb5, lines without ...g6.} 8. d3 Be7 9. Nxd4 cxd4 {[%emt 0:02:12] The position is equal.} 10. Ne2 O-O {[%emt 0:01:25] [#]} 11. c3 $146 ({Predecessor:} 11. c4 Bb4 12. Bd2 e5 13. f4 d6 14. f5 a5 15. f6 gxf6 16. Bh6 Qd8 17. Ng3 Bxe1 18. Qxe1 {0-1 (60) Rath,U (2405)-Larsen,B (2620) Esbjerg 1978}) 11... Bf6 12. g3 Qa5 13. cxd4 Nxd4 14. Nxd4 Bxd4 15. Bd2 Qb6 16. Re2 d6 (16... Qxb2 $2 17. Rb1 Qa3 18. Bb4 $16) 17. Bc3 Bd7 18. Rc1 Rac8 19. Rec2 (19. Bxd4 $11 Qxd4 20. Rec2) 19... Bxc3 $15 20. Rxc3 Qxb2 21. Rxc8 Bxc8 ({Reject} 21... Rxc8 22. Rxc8+ Bxc8 23. Qa4 $11) 22. Rc7 e5 (22... Qxa2 $2 23. Qc1 $18) 23. a4 (23. Rc2 $15 Qb6 24. d4) 23... Qb6 24. Qc2 {[%emt 0:04:48] [#]} (24. Rc1 $17 {was necessary.}) 24... Be6 $1 $19 25. a5 Qxa5 {[%emt 0:00:39] Threatens to win with ...Qb6.} 26. Rxb7 Rc8 27. Qb2 h5 (27... h6 $19 {White must now prevent ...Qe1.} 28. Rb4 Qc7) 28. Kg2 (28. f4 $17 exf4 29. gxf4) 28... h4 29. f4 (29. gxh4 $17 Qd8 30. Rxa7) 29... exf4 30. gxf4 Qe1 31. Qf2 {[%emt 0:01:03] [#] Inhibits Qe3.} (31. f5 {nothing else works.} Qd1 32. Rb8 (32. Qe2 $2 Rc2 $19) 32... Qg4+ 33. Kh1 Qf3+ 34. Kg1) 31... Bh3+ $1 {[%emt 0:00:33][%mdl 512] Weighted Error Value: White=0.44/Black=0.10 (very precise)} 0-1

[Event "87th Spanish Championship 2022"]
[Site "Linares"]
[Date "2022.08.11"]
[Round "1.28"]
[White "Alonso Garcia, Aaron"]
[Black "Maldonado Mena, German"]
[Result "1-0"]
[ECO "B66"]
[WhiteElo "2374"]
[BlackElo "2061"]
[Annotator "RC"]
[PlyCount "77"]
[EventDate "2022.08.11"]
[EventType "swiss"]
[EventCountry "ESP"]
[SourceTitle "playchess.com"]
[Source "ChessBase"]
[SourceQuality "1"]
[TimeControl "5400+30"]

1. e4 c5 2. Nf3 Nc6 3. d4 cxd4 4. Nxd4 Nf6 5. Nc3 d6 6. Bg5 e6 7. Qd2 a6 8. Nxc6 bxc6 9. O-O-O Be7 10. Bxf6 gxf6 11. Bc4 Qa5 12. Rhe1 Rb8 13. Bb3 Bd7 14. f4 f5 15. Qd3 fxe4 16. Nxe4 d5 17. Qd4 Rg8 18. Nf6+ Bxf6 19. Qxf6 Rxb3 20. axb3 Qa1+ 21. Kd2 Rxg2+ 22. Re2 Qa5+ 23. Qc3 Rxe2+ 24. Kxe2 Qb5+ 25. Kf2 Ke7 26. b4 Kd6 27. Qe5+ Ke7 28. Qd4 Kd6 29. Rg1 a5 30. bxa5 Qxa5 31. b4 Qb5 32. Rg7 Ke7 33. Rxh7 Qb8 34. Rh6 Qg8 35. Qf6+ Kd6 36. Qe5+ Ke7 37. f5 Qf8 38. Rh8 f6 39. Rh7+ 1-0

[Event "87th Spanish Championship 2022"]
[Site "Linares"]
[Date "2022.08.11"]
[Round "1.29"]
[White "Arroyo Rodriguez, Jesus"]
[Black "Ingunza Curro, Andres"]
[Result "0-1"]
[ECO "B62"]
[WhiteElo "2100"]
[BlackElo "2370"]
[Annotator "TA"]
[PlyCount "145"]
[EventDate "2022.08.11"]
[EventType "swiss"]
[EventCountry "ESP"]
[SourceTitle "playchess.com"]
[Source "ChessBase"]
[SourceQuality "1"]
[TimeControl "5400+30"]

1. e4 c5 2. Nf3 d6 3. d4 cxd4 4. Nxd4 Nf6 5. Nc3 Nc6 6. Bg5 e6 7. f4 h6 {[%emt 0:04:58] B62: Sicilian: Richter-Rauzer: 6...e6: Unusual White 7th moves.} 8. Bh4 Be7 9. Be2 Qb6 {[%emt 0:14:27] [#] Black has an edge.} 10. Bf2 $146 (10. Bxf6 $11 Bxf6 11. Nb3) ({Predecessor:} 10. Ndb5 Nxe4 11. Nxe4 Bxh4+ 12. g3 Be7 13. Nexd6+ Kf8 14. a4 Qc5 15. Qd2 a6 16. Ne4 {0-1 (66) Salazar Moran,A (1376)-Pandey,M (2067) LSS email 2018}) 10... Nxd4 ({Better is} 10... Qxb2 $17 11. Ndb5 Qb4) 11. Bxd4 $14 Qa5 12. O-O O-O 13. Kh1 (13. Qe1 $5 ) 13... e5 14. Be3 exf4 15. Bxf4 Be6 (15... Qb4 16. Qd3 $16) 16. Qe1 (16. Bxd6 Rad8 17. Bxe7 Rxd1 18. Raxd1 Rc8 $15) 16... Rac8 17. Rd1 Qb4 18. Qg3 Kh8 19. Nd5 (19. e5 $11 dxe5 20. Bxe5) 19... Bxd5 $15 20. exd5 Qxb2 (20... Rxc2 $17 21. Qe3 Rxb2 $1) 21. Qh3 $14 Ng8 (21... Qxa2 $2 22. Bxh6 $1 Qa4 23. Bg5+ Kg8 24. Bd3 $18) 22. Bd3 {[%emt 0:01:39] This bishop pair is nice.} Rce8 ({Black should try} 22... Rc7 $14) 23. Rde1 (23. c4 $1 $16) 23... Qd4 24. Rxe7 Rxe7 $15 (24... Nxe7 $2 25. Bxh6 $1 Qxd3 26. cxd3 $18) 25. Bxd6 Qxd5 26. Bxe7 Nxe7 27. Qe3 Nc6 28. a3 Qe5 29. Qc1 b6 30. h3 Nd4 31. Re1 Qg3 {[%emt 0:02:49] Black is more active.} 32. Qd2 Ne6 33. Re3 Qg5 34. Qe1 Rd8 35. Re5 Qf4 36. Rf5 Qc7 37. Re5 Qc6 38. Qh4 {[%emt 0:01:11][%cal Oe5e6] Strongly threatening Rxe6!} Rd7 39. Qb4 Kg8 40. Qg4 Rd8 41. Qf5 Ng5 {[%emt 0:01:21] Prevents Qh7+.} (41... g6 $17 42. Qf6 Rd6) 42. h4 $1 $11 {[%emt 0:01:37] Black must now prevent Re7.} g6 $36 {[%emt 0:00:33][%mdl 2048] White is under pressure.} 43. Qf4 Ne6 44. Qf6 (44. Qxh6 $11 {and White is okay.} Ng7 45. Qf4 (45. Re7 $2 Nf5 $19)) 44... Rd6 $19 45. Be4 (45. Kh2 $17 {was worth a try.}) 45... Ng7 {[%emt 0:01:07] ( -> ...Rd1+)} 46. Qf3 {[%emt 0:01:54] Prevents Rd1+.} (46. Bxc6 $142 Rxf6 47. Bf3) 46... Qd7 47. Bd3 (47. Rd5 $142) 47... Rd4 48. g3 Qd6 49. Qe3 Rd5 50. Re7 (50. Rxd5 $17 Qxd5+ 51. Qe4 Qxe4+ 52. Bxe4) 50... a5 (50... Qxa3 51. Rc7 Qa1+ 52. Kg2 $17) (50... Nf5 $19 51. Bxf5 Rxf5) 51. Kh2 $2 (51. Ra7 $17 Ne6 52. Kg2) 51... Nf5 52. Bxf5 ({Don't play} 52. Re8+ Kg7 53. Bxf5 Rxf5 54. Qc3+ Qf6 55. Qxf6+ Kxf6 $19) 52... Rxf5 {[%emt 0:00:01][%mdl 4096] Endgame KQR-KQR} (52... gxf5 53. Re8+ Kh7 54. Qf3 $17) (52... Rd2+ 53. Kh3 gxf5 54. Re8+ Kg7 55. Rc8 $17) 53. Re4 Kg7 54. Qc3+ Qf6 55. Qxf6+ Kxf6 {[%emt 0:00:02] KR-KR} 56. Kg2 Rc5 57. c4 Re5 58. Rf4+ Ke6 59. Kf3 $2 (59. Rf2) 59... Re1 $2 (59... Rf5 60. g4 Rxf4+ 61. Kxf4 f6) 60. Rd4 Ra1 61. Rd3 Rc1 62. Rb3 Rxc4 63. Rxb6+ Ke7 64. h5 Rc3+ ({Not} 64... gxh5 65. Rxh6 Rc3+ 66. Kf4 $17) 65. Kf4 gxh5 ({Worse is} 65... Rxa3 66. hxg6 fxg6 67. Rxg6 $15) 66. Rxh6 Rxa3 67. Rxh5 a4 68. Ra5 Kd6 (68... Kf6 $17 {aiming for ...Ra1.} 69. Ra6+ Kg7) 69. Ra7 $2 {[%emt 0:01:14] [#]} (69. Kf5 $11 {and White has nothing to worry.}) 69... Ra1 $1 70. Kg5 Ke6 $2 (70... a3 $19 {Hoping for ...a2.} 71. Kf6 a2) 71. Ra6+ $1 $11 Ke7 (71... Ke5 $5 72. Ra5+ Ke4 $17) 72. Ra7+ $1 Kf8 {...Kg7 is the strong threat.} 73. Kh6 {Weighted Error Value: White=0.41/Black=0.36} (73. Kf6 $11 {remains equal.} Rf1+ 74. Ke5) 0-1

[Event "87th Spanish Championship 2022"]
[Site "Linares"]
[Date "2022.08.11"]
[Round "1.30"]
[White "Medarde Santiago, Luis Marcos"]
[Black "Garcia Garcia, Samuel"]
[Result "1/2-1/2"]
[ECO "B75"]
[WhiteElo "2330"]
[BlackElo "2084"]
[Annotator "TA"]
[PlyCount "47"]
[EventDate "2022.08.11"]
[EventType "swiss"]
[EventCountry "ESP"]
[SourceTitle "playchess.com"]
[Source "ChessBase"]
[SourceQuality "1"]
[TimeControl "5400+30"]

1. e4 c5 2. Nf3 d6 3. d4 cxd4 4. Nxd4 Nf6 5. Nc3 g6 6. Be3 Bg7 7. f3 Nc6 8. Bc4 O-O 9. Bb3 Bd7 10. h4 h5 11. Qd2 Rc8 12. Nxc6 {[%emt 0:02:08] B77: Sicilian Dragon: Yugoslav Attack, 9 Bc4 sidelines.} bxc6 13. g4 {[%emt 0:00:14] is the legacy move (13.Bh6).} ({Much worse is} 13. Bxa7 c5 14. a4 Qc7 $17) 13... hxg4 14. h5 Nxh5 ({Don't take} 14... gxh5 15. e5 Nd5 16. Bh6 $16) 15. O-O-O {[%emt 0:00:54] [#]} d5 $146 ({Predecessor:} 15... c5 16. Bc4 Rb8 17. fxg4 Bxg4 18. Rdg1 Qd7 19. Rh4 Be6 20. Bxe6 Qxe6 21. Rxh5 Qc4 {1-0 (42) Juhasz,B (2223)-Alboredo,J (2182) Chess.com INT 2020}) 16. exd5 gxf3 17. Bh6 e5 $1 18. Qe3 {[%emt 0:24:42] [#]} (18. Kb1 $11) 18... Qb6 (18... Qf6 $1 $17 {...Bxh6 is the strong threat.} 19. Kb1 Bxh6 20. Qxh6 Qg7) 19. Qg5 $11 Qd8 (19... Bf6 $11 20. Qd2 {[#]} c5 $1 21. Bxf8 Kxf8) 20. Qe3 $1 $17 {[%emt 0:00:21][%csl LRa7,LRf3] Hoping for dxc6.} Qb6 (20... Qf6 $5 21. Kb1 Qf5 $15) 21. Qg5 {[%emt 0:06:39] And now Bxg7 would win.} Qd8 22. Qe3 $1 {[%emt 0:11:18] Threatens to win with dxc6.} Qb6 {[%emt 0:00:31] White must now prevent ...Qxe3+.} (22... Qf6 $5 23. Kb1 Bxh6 24. Qxh6 Qg7 $15) 23. Qg5 {[%emt 0:06:58] Strongly threatening Bxg7.} Qd8 {[%emt 0:00:11] aiming for ...Kh7.} 24. Qe3 $1 {[%csl LRa7,LRf3] Weighted Error Value: White=0.11 (very precise) /Black=0.17 (very precise)} 1/2-1/2

[Event "87th Spanish Championship 2022"]
[Site "Linares"]
[Date "2022.08.11"]
[Round "1.31"]
[White "Garcia Gonzalez, Omar"]
[Black "Vega Gutierrez, Sabrina"]
[Result "0-1"]
[ECO "B80"]
[WhiteElo "2094"]
[BlackElo "2366"]
[Annotator "TA"]
[PlyCount "106"]
[EventDate "2022.08.11"]
[EventType "swiss"]
[EventCountry "ESP"]
[SourceTitle "playchess.com"]
[Source "ChessBase"]
[SourceQuality "1"]
[TimeControl "5400+30"]

1. e4 c5 2. Nf3 e6 3. d4 cxd4 4. Nxd4 Nf6 5. Nc3 d6 6. Bg5 h6 {[%emt 0:02:35] B80: Sicilian Scheveningen: 6 g3 and 6 Be3, including English Attack.} 7. Be3 Be7 {[%emt 0:02:20] [#]} 8. g4 $146 ({Predecessor:} 8. f3 Nc6 9. Qd2 O-O 10. O-O-O d5 11. Qe1 Bb4 12. a3 Ba5 13. Nb3 Bxc3 14. Qxc3 {1-0 (32) Garcia Moral Garcia,J (2305)-Sanjuan Garcia,M (2022) Linares 2017}) 8... Nc6 {[%emt 0:00:27] The position is equal.} 9. h3 d5 10. Bg2 Bb4 11. exd5 Nxd5 12. Nxc6 bxc6 13. Bd2 (13. O-O $5 ) 13... Ba6 (13... Rb8 $5 ) 14. a3 ({Better is} 14. Nxd5 $11 Bxd2+ 15. Qxd2 cxd5 16. O-O-O) 14... Bxc3 (14... Be7 {is more complex.} 15. Bf1 Bxf1 16. Kxf1 O-O) 15. Bxc3 Nxc3 (15... O-O {seems wilder.} 16. h4 Qb6 17. Bxd5 exd5 18. Qd4 Rae8+) 16. Qxd8+ Rxd8 17. bxc3 Ke7 18. Rd1 c5 19. Bf3 Bc4 20. Rxd8 {[%emt 0:14:53] White is on the road to losing.} Rxd8 $15 {[%emt 0:00:10][%mdl 4096] Endgame KRB-KRB} ({Don't play} 20... Kxd8 $6 21. Kd2 $11) 21. Be2 Bd5 22. Rg1 Be4 23. Bd1 g5 $1 24. Rg3 c4 {[%emt 0:00:30] 0x0.001681e9bc33dp-1022s more active pieces.} 25. Re3 Bd5 26. Bf3 Bxf3 27. Rxf3 $17 {[%emt 0:00:30] [#] KR-KR} Rd5 $1 28. Re3 {[%emt 0:00:30] [#] Inhibits Re5.} (28. h4 $17) 28... Kd6 $1 $19 29. Rf3 (29. Rg3 {was necessary.}) 29... f5 30. Ke2 (30. a4 $142) 30... f4 31. h4 Ra5 32. hxg5 hxg5 33. Rh3 Rxa3 34. Kd2 Ra5 35. Rh8 $2 (35. Ke2 Re5+ 36. Kf3) 35... Re5 36. Rf8 Kc7 37. Rf7+ Kb6 38. Rf8 a5 {[%emt 0:00:06][%cal Ba7a5,Ba5a4][%mdl 32] aiming for ...a4.} 39. Rb8+ Kc7 40. Rf8 Kb7 41. Rf7+ Kb6 {[%emt 0:00:05] And now ...a4 would win.} 42. Rf8 a4 {[%emt 0:00:46] Strongly threatening ...a3.} 43. Rb8+ Ka7 44. Rb4 a3 45. Ra4+ Kb6 {[%emt 0:00:08] Hoping for ...f3.} 46. Rxa3 $2 (46. f3) 46... f3 {[%emt 0:00:08] Threatens to win with ...Re2+.} 47. Ra8 Re2+ 48. Kd1 e5 49. Rg8 Kc6 50. Rxg5 Kd5 {[%emt 0:00:03] Black mates.} 51. Rg8 Rxf2 52. g5 Rg2 53. Rf8 Ke4 {Weighted Error Value: White=0.75/Black=0.10 (very precise)} 0-1

[Event "87th Spanish Championship 2022"]
[Site "Linares"]
[Date "2022.08.11"]
[Round "1.32"]
[White "Macias Pino, Diego"]
[Black "Vidal del Rio, Manuel"]
[Result "1-0"]
[ECO "C58"]
[WhiteElo "2355"]
[BlackElo "2092"]
[Annotator "TA"]
[PlyCount "55"]
[EventDate "2022.08.11"]
[EventType "swiss"]
[EventCountry "ESP"]
[SourceTitle "playchess.com"]
[Source "ChessBase"]
[SourceQuality "1"]
[TimeControl "5400+30"]

1. e4 e5 2. Nf3 Nc6 3. Bc4 Nf6 4. Ng5 d5 5. exd5 Na5 6. Bb5+ c6 7. dxc6 bxc6 8. Qf3 {[%emt 0:01:13] 8.Bd3 is a critical line.} h6 {[%emt 0:00:20] [#] C58: Two Knights: 4 Ng5 d5 5 exd5 Na5 sidelines.} ({Black should try} 8... Be7 $11) 9. Ne4 $1 $14 cxb5 (9... Nd5 10. Be2) 10. Nxf6+ {[%emt 0:00:05][%mdl 64] Discovered Attack} gxf6 {[%emt 0:00:08] White is better.} 11. Qxa8 Qd7 12. Qf3 Bb7 {[%emt 0:00:28] [#]} (12... Nc6 $142) 13. Qg3 $146 (13. Qxf6 $16 Rg8 14. d3 (14. Qxe5+ Be7 $14) 14... Bxg2 15. Rg1 (15. Qxe5+ Be7 $14)) ({Predecessor:} 13. Qxf6 Rg8 14. Qxe5+ Be7 15. Nc3 Nc6 16. Qxb5 Nd4 17. Qxd7+ Kxd7 18. Rb1 Bxg2 19. Rf1 Nxc2+ {0-1 (27) Klyashtorny,V (2403)-Shahade,G (2476) Chess.com INT 2021}) 13... Nc6 $11 {[%emt 0:01:17] Strongly threatening ...Nd4.} 14. c3 {[%emt 0:00:22] Prevents Nd4.} h5 $1 15. f3 Ne7 $2 (15... b4 $11) 16. Qf2 $16 Rg8 17. O-O ({Better is} 17. d4 $16) 17... Nf5 {[%emt 0:12:23] Black cannot hold the game after this.} (17... e4 $1 $14 18. Qe2 (18. Qxa7 $2 exf3 19. g3 h4 $19) 18... exf3 19. Rxf3 Bxf3 20. Qxf3 Qe6) 18. d4 $1 $18 (18. Qxa7 $2 Rxg2+ $3 19. Kxg2 Bxf3+ $1 20. Kxf3 (20. Rxf3 $2 Nh4+ 21. Kf1 Qxa7 $19) 20... Qxa7 $19) 18... exd4 19. Nd2 Ne3 $2 {[%emt 0:11:38] [#]} (19... Bd6 {was called for.}) 20. Ne4 $1 ({And not} 20. Re1 Kd8 21. g3 h4 $11) 20... Be7 (20... Bxe4 $2 21. Bxe3 dxe3 22. Qxe3 $18) 21. Bxe3 {[%emt 0:00:12] White is clearly winning.} dxe3 22. Qxe3 {[%emt 0:00:05] Hoping for Nxf6+.} Qc6 23. Rad1 {[%emt 0:00:41] aiming for Nd6+.} ({Weaker is} 23. Qxa7 f5 $16) 23... Kf8 24. Qh6+ Rg7 25. Ng3 Kg8 (25... Qc5+ $142 26. Kh1 Qg5 27. Qxh5 Bc8) 26. Kh1 {[%emt 0:00:48] Threatening mate with Nf5.} Qc5 {[%emt 0:04:35] Prevents Nf5.} 27. Rfe1 {[%emt 0:00:39][%cal Od1d8] White wants to mate with Rd8+!} Rg6 28. Qe3 {[%emt 0:00:49] Weighted Error Value: White=0.33/Black=0.59} 1-0

[Event "87th Spanish Championship 2022"]
[Site "Linares"]
[Date "2022.08.11"]
[Round "1.33"]
[White "Yuste Valenzuela, Alejandro"]
[Black "Fernandez Garcia, Jose Luis"]
[Result "1/2-1/2"]
[ECO "C47"]
[WhiteElo "2022"]
[BlackElo "2362"]
[Annotator "TA"]
[PlyCount "148"]
[EventDate "2022.08.11"]
[EventType "swiss"]
[EventCountry "ESP"]
[SourceTitle "playchess.com"]
[Source "ChessBase"]
[SourceQuality "1"]
[TimeControl "5400+30"]

1. e4 e5 2. Nf3 Nc6 3. Nc3 Nf6 4. g3 d5 5. exd5 Nxd5 6. Bg2 Nxc3 7. bxc3 Bd6 {[%emt 0:02:00] C47: Scotch Four Knights and Four Knights with 4 g3.} 8. h3 ({Better is} 8. O-O $11) 8... O-O 9. O-O e4 $1 {[%emt 0:02:15] Black is slightly better.} 10. Nd4 (10. Nh2 $15) 10... Nxd4 $17 11. cxd4 {[%emt 0:00:07] [#]} Bxg3 $1 {[%emt 0:01:13][%mdl 512] [#]} 12. c3 $146 (12. d3 exd3) ({Predecessor:} 12. fxg3 Qxd4+ {0-1 (12) Pyatin,A (2074)-Tsapko,D (2073) St Petersburg 2007}) 12... Bf4 13. d3 Bxc1 14. Rxc1 Qg5 15. dxe4 Bxh3 $1 16. Qf3 Bxg2 17. Qxg2 Qf4 18. Rce1 (18. f3 $17) 18... Rae8 $19 19. Qh2 (19. Re3 $17) 19... Qg4+ (19... Rxe4 $19 {...Qg5+ is the strong threat.} 20. Qxf4 Rxf4) 20. Qg2 $17 Qf4 (20... Qxg2+ $17 21. Kxg2 Re6) 21. Qh2 $1 $19 Rxe4 {[%emt 0:09:33] Threatens to win with ...Qg5+.} 22. Qxf4 Rxf4 {[%emt 0:00:27][%mdl 4096] Endgame KRR-KRR} 23. Re7 Rg4+ (23... Rc8 $1 $19 24. Rfe1 Kf8) 24. Kh2 $17 f5 25. Rfe1 Rf6 26. Re8+ Kf7 $1 27. R8e7+ Kf8 28. Re8+ Kf7 29. R8e7+ $1 Kg6 $1 30. f3 Rg5 31. Rxc7 h6 ({Black should play} 31... Ra6 $17 32. Re2 b5) 32. Rg1 $2 (32. Rxb7 $15 Rc6 33. Rb3 (33. Rxa7 Rxc3 34. Ree7 Rxf3 $17)) 32... Rxg1 $19 33. Kxg1 {[%emt 0:00:05] KR-KR} Rc6 34. Rxb7 Rxc3 35. Kf2 Rc2+ 36. Ke3 Rxa2 37. Rc7 Ra5 38. Rc6+ (38. Kf4 $142) 38... Kg5 39. f4+ Kh5 40. Rc5 Ra3+ 41. Ke2 $2 (41. Kd2 Kg4 42. d5) 41... Kg4 42. d5 Ra6 (42... Kxf4 $142 43. d6 Re3+ 44. Kd2 Re8 45. Rc4+ Ke5) 43. Ke3 $2 (43. Rc6 Ra5 44. Rg6+ Kxf4 45. d6) 43... g5 44. Rc6 gxf4+ 45. Ke2 f3+ 46. Ke1 Ra1+ 47. Kf2 Ra2+ 48. Ke1 Re2+ 49. Kf1 Rd2 50. Ra6 Kg3 51. Rg6+ Kf4 52. Rxh6 Rxd5 $2 (52... a5 53. Rd6 a4) 53. Ra6 Rd1+ 54. Kf2 Rd2+ 55. Kf1 {[%emt 0:00:12] [#]} Rd7 ({But not} 55... Kg3 $2 56. Rg6+ Kf4 57. Ra6 $19) 56. Kf2 Rf7 ({Wrong is} 56... Rd2+ $2 57. Kf1 $19) 57. Ra4+ {[%emt 0:00:08] [#]} Ke5 $1 58. Kxf3 Kd5 59. Kf4 Kc5 $2 (59... Kc6 $15 60. Ra1 Kc5 61. Rc1+ Kb4 62. Rb1+ Ka4 63. Ra1+ Kb4 64. Rb1+ Kc3) 60. Ra1 Kb6 (60... Kb5 $19 {aiming for ...a5.} 61. Rb1+ Kc4 62. Rc1+ Kb4 63. Rb1+ Kc4) 61. Rb1+ $17 Kc7 ({Black should try} 61... Ka5 $19 {And now ...a6 would win.} 62. Rf1 Kb6 63. Rb1+ Kc5) 62. Ra1 Kb8 (62... Kb7 $17 {White must now prevent ...a6.} 63. Rb1+ Kc6 64. Rc1+ Kb6 65. Rb1+ Kc6 66. Rc1+ Kb6 67. Rb1+) 63. Rb1+ $11 {[%emt 0:00:17] The position is equal.} Rb7 64. Rxb7+ Kxb7 65. Kxf5 {[%emt 0:00:07] KP-K} Kc6 66. Ke4 Kc5 67. Kd3 Kb4 {[%emt 0:00:08] ( -> ...Kb3)} 68. Kc2 Ka3 69. Kb1 Kb3 70. Ka1 a5 71. Kb1 a4 72. Ka1 a3 73. Kb1 a2+ 74. Ka1 Ka3 {White happily takes the draw.  Weighted Error Value: White=0.74/Black=0.18 (very precise)} 1/2-1/2

[Event "87th Spanish Championship 2022"]
[Site "Linares"]
[Date "2022.08.11"]
[Round "1.34"]
[White "Serarols Mabras, Bernat"]
[Black "Gomez Arce, Alejandro"]
[Result "1-0"]
[ECO "A50"]
[WhiteElo "2357"]
[BlackElo "2111"]
[Annotator "TA"]
[PlyCount "60"]
[EventDate "2022.08.11"]
[EventType "swiss"]
[EventCountry "ESP"]
[SourceTitle "playchess.com"]
[Source "ChessBase"]
[SourceQuality "1"]
[TimeControl "5400+30"]

1. d4 Nf6 2. c4 b6 3. Nc3 Bb7 4. Nf3 g6 5. Qc2 Bg7 6. e4 d6 7. Be2 O-O 8. O-O Nfd7 {[%emt 0:21:24] E91: King's Indian: Classical: 6 Be2, unusual replies including 6...c5 and 6...Bg4.} 9. Be3 e5 {[%emt 0:03:47] [#]} 10. d5 $146 ({Predecessor:} 10. Rad1 Nc6 11. d5 Ne7 12. Qc1 Re8 13. Bd3 Kh8 14. Ng5 Rf8 15. f4 h6 16. Nf3 exf4 17. Bxf4 {1-0 (42) Dimitriadi,A (2015)-Kasioura,F (2005) Athens 1997}) 10... h6 {[%emt 0:05:46] White is better.} 11. g3 {[%emt 0:04:55] White is much more active.} a5 12. a3 Na6 13. Rab1 f5 $2 {[%emt 0:09:23] [#]} (13... Nf6 $16) 14. exf5 $18 gxf5 15. Nh4 Qf6 16. f4 e4 17. Nb5 Qf7 18. b4 {[%emt 0:06:10] aiming for Nd4.} axb4 19. axb4 Bc8 20. Nd4 Ndb8 $2 (20... Ndc5 21. bxc5 bxc5) 21. Qd1 Bd7 22. Bh5 Qf6 23. Bg6 Ra7 24. Bxf5 Bxf5 25. Ndxf5 {[%emt 0:03:22] [#] Strongly threatening Bd4.} Qc3 26. Rc1 Qxb4 27. Nxg7 {[%emt 0:00:21] White wants to mate with Qg4.} Kxg7 28. Qg4+ {[%emt 0:00:11] White mates.} Kf7 29. Qe6+ Kg7 30. Qg6+ Kh8 {[%emt 0:00:05] Black did not feel at home in the position after the opening.  Weighted Error Value: White=0.04 (flawless) /Black=0.81} 1-0

[Event "87th Spanish Championship 2022"]
[Site "Linares"]
[Date "2022.08.11"]
[Round "1.35"]
[White "Rodriguez Redondo, Adhara"]
[Black "Domingo Nunez, Ruben"]
[Result "0-1"]
[ECO "C50"]
[WhiteElo "2076"]
[BlackElo "2361"]
[Annotator "TA"]
[PlyCount "70"]
[EventDate "2022.08.11"]
[EventType "swiss"]
[EventCountry "ESP"]
[SourceTitle "playchess.com"]
[Source "ChessBase"]
[SourceQuality "1"]
[TimeControl "5400+30"]

1. e4 e5 2. Nf3 Nc6 3. Bc4 Bc5 4. d3 Nf6 5. O-O O-O 6. a4 {[%emt 0:00:05] C50: Hungarian Defence and Giuoco Pianissimo.} a5 7. c3 d5 8. exd5 {[%emt 0:00:05] White is slightly better.} Nxd5 9. Re1 Bg4 10. Nbd2 Nb6 11. Bb5 Bd6 12. h3 Bh5 13. Ne4 f5 14. Ng3 (14. Bg5 $5 Qd7 15. Nxd6 Qxd6 16. Qb3+ Bf7 17. Qa3 $14) 14... Bxf3 15. Qxf3 Qd7 (15... Ne7 $1 $11) 16. Nf1 $16 Rae8 17. Be3 {[%emt 0:05:23] [#]} Nc8 $146 ({Predecessor:} 17... Kh8 18. Rad1 Re6 19. b4 axb4 20. a5 Nc8 21. a6 e4 22. dxe4 Re5 23. axb7 Rxb5 24. bxc8=Q Qxc8 25. exf5 {1-0 (51) Worek,J (2293)-Krivec,J (2232) Le Castella 2018}) 18. Bxc6 (18. Qh5 $16) 18... bxc6 19. Bd2 Nb6 20. c4 Bc5 21. b4 (21. Bxa5 $11 {keeps the balance.} e4 22. Qf4 (22. dxe4 $2 fxe4 23. Qb3 Bxf2+ 24. Kh1 Bxe1 $19)) 21... Bd4 (21... Bxb4 22. Bxb4 axb4 23. a5 $11) (21... e4 $17 22. Qd1 axb4) 22. Ra3 (22. bxa5 $11 Bxa1 23. axb6) 22... axb4 23. Bxb4 c5 24. Ba5 Nxa4 {[%emt 0:04:55][%cal Oe5e4] Black is more active.} 25. Bxc7 $2 {[%emt 0:01:45] [#]} e4 $1 $19 ({Worse is} 25... Qxc7 26. Rxa4 e4 27. Qd1 $17) 26. Qg3 Nb2 27. dxe4 fxe4 ({Weaker is} 27... Nxc4 28. Ra2 $17) 28. Ne3 Nxc4 29. Ra7 Nxe3 (29... Qf7 $19 {And now ...h5 would win.} 30. Bb6 {[#]} Qf6 $1) 30. fxe3 $2 {[%emt 0:00:20] [#] Now White is beyond hope.} (30. Bb8 $17 Ng4 31. Rxd7 Bxf2+ 32. Qxf2 Nxf2 33. Bd6) 30... Be5 $1 31. Qg4 (31. Bxe5 Qxa7) 31... Qf7 {[%emt 0:00:44] ( -> ...Qf2+)} 32. Bxe5 Qxa7 33. Qxe4 (33. Bd6 Rf7 34. Qe2) 33... Qf7 {[%emt 0:00:34] ...Qf2+ is the strong threat. Black is clearly winning.} 34. Rc1 Qe6 35. Rxc5 Rf5 {[%emt 0:00:03] Weighted Error Value: White=0.46/Black=0.17 (very precise)} ({Stronger than} 35... Qf7 36. Qg4 h6 37. Kh2 $17) 0-1